 Dungeon Crawl Stone Soup version 0.28-a0-723-g095bd1b44f (webtiles) character file.

Game seed: 9900269461550080093

246 croobank the Chopper (level 5, -11/48 HPs)
             Began as a Minotaur Berserker on Oct 25, 2021.
             Was a Believer of Trog.
             Shot with an arrow by a centaur (13 damage)
             ... on level 7 of the Dungeon.
             The game lasted 00:26:09 (1677 turns).

croobank the Chopper (Minotaur Berserker)           Turns: 1677, Time: 00:26:10

Health: -11/48     AC:  5    Str: 22    XL:     5   Next: 84%
Magic:  4/4        EV: 11    Int:  0    God:    Trog [**....]
Gold:   87         SH:  0    Dex: 10    Spells: 4/4 levels left

rFire   . . .      SeeInvis +   p - +6 hand axe of the Sage {venom, Fragile +Blink Int-4 SInv}
rCold   . . .      Faith    .   (no shield)
rNeg    . . .      Spirit   .   w - +0 ring mail
rPois   .          Reflect  .   (helmet restricted)
rElec   .          Harm     .   (no cloak)
rCorr   .          Rampage  .   (no gloves)
Will    .....                   (no boots)
Stlth   +.........              g - amulet of regeneration
HPRegen 1.16/turn               (no ring)
MPRegen 0.09/turn               (no ring)

@: slowed, lost intelligence, unable to read, very slow
A: horns 2, retaliatory headbutt
a: Renounce Religion, Evoke Blink, Berserk, Trog's Hand


You were on level 7 of the Dungeon.
You worshipped Trog.
Trog was pleased with you.
You visited 1 branch of the dungeon, and saw 5 of its levels.

You collected 87 gold pieces.

Inventory:

Hand Weapons
 a - a +0 hand axe of chaos
 m - a +0 falchion
 o - a +0 hunting sling
 p - the +6 hand axe of the Sage (weapon) {venom, Fragile +Blink Int-4 SInv}
   (You found it on level 4 of the Dungeon)

   It poisons the flesh of those it strikes.
   Int:       It affects your intelligence (-4).
   SInv:      It lets you see invisible.
   +Blink:    It lets you blink.
   Fragile:   It will be destroyed if unequipped.
 u - a +0 hunting sling
Missiles
 c - 74 stones (quivered)
 j - 5 atropa-tipped darts
 k - 41 sling bullets
 n - 2 boomerangs
 q - 43 arrows
Armour
 b - a +0 animal skin
 e - a +0 robe
 w - a +0 ring mail (worn)
Jewellery
 g - an amulet of regeneration (around neck)
 i - an amulet of magic regeneration
Scrolls
 h - a scroll of brand weapon
 r - a scroll of noise {unknown}
 s - a scroll of blinking {unknown}
 t - 2 scrolls of identify {unknown}
Potions
 d - a potion of might {unknown}
 f - 2 potions of mutation {unknown}
 l - 4 potions of curing {unknown}
 v - a potion of degeneration {unknown}
 x - a potion of flight {unknown}


   Skills:
 + Level 5.1 Fighting
 + Level 6.1 Axes
 + Level 2.7 Armour
 + Level 3.0 Dodging
 + Level 1.4 Stealth


You had 4 spell levels left.
You didn't know any spells.
Your spell library contained the following spells:

 Spells                   Type           Power      Damage    Failure   Level
 Sandblast                Erth           0%         2d4       75%         1
 Ensorcelled Hibernation  Hex/Ice        0%         N/A       87%         2
 Passwall                 Tmut/Erth      0%         N/A       87%         2
 Spider Form              Tmut/Pois      0%         N/A       98%         3
 Stone Arrow              Conj/Erth      0%         3d7       98%         3


Dungeon Overview and Level Annotations

Branches:
Dungeon (4/15)
 Temple: D:4-7

Altars:

Shops:
D:1 *   D:2 *

Annotations:
D:7 Menkaure


Innate Abilities, Weirdness & Mutations

You have a pair of horns on your head.
You reflexively headbutt those who attack you in melee.


Message History

You hit the orc but do no damage.
You feel sick. The orc hits you but does no damage.
The orc wizard barely misses you. The orc barely misses you.
You furiously retaliate!
You headbutt the orc. You slash the orc wizard!
You kill the orc wizard!
Trog accepts your kill.
Trog appreciates your killing of a magic user.
You hit the orc.
You kill the orc!
Trog accepts your kill.
You feel sick.
Your Axes skill increases to level 6!
Your Dodging skill increases to level 3!
You feel sick.
You are no longer poisoned.
Things that are here:
a +0 dagger; a +0 robe
x - a green potion
There are no items here.
You cannot read scrolls in your current state!
You see here a +0 robe.
You fall into a shaft and drop 3 floors!
The shaft crumbles and collapses.
A centaur and Menkaure come into view.
The centaur shouts!
Found an encrusted bronze wand.
The centaur wields a +0 shortbow.
The centaur shoots an arrow.
The arrow closely misses you.
The centaur shoots an arrow.
The arrow hits you!
A sky beast comes into view.
The centaur shoots an arrow.
The arrow hits you!
Menkaure calls on the powers of darkness!
The centaur convulses!
Your body is wracked with pain!
The centaur shoots an arrow.
The arrow hits you!
* * * LOW HITPOINT WARNING * * *
The centaur shoots an arrow.
The arrow hits you!
* * * LOW HITPOINT WARNING * * *
The centaur shoots an arrow.
The arrow completely misses you.
The sky beast flickers out of sight for a moment.
The centaur shoots an arrow.
The arrow hits you!
You die...

#....#.......
.............
###............
.............
#.........#
#........###.
#........Y...
#..@.....#
####≈≈....##
P./.c≈.....#
####≈≈....M#
#............
#..........##.#
........###..#
..##....# #...
.. .....# #..#


You could see a sky beast (invisible), Menkaure and a centaur.

Vanquished Creatures
  3 hounds (D:4)
  An orc wizard (D:4)
  2 hound skeletons (D:4)
  4 adders
  2 worms
  2 dart slugs (D:1)
  7 orcs
  3 ball pythons
  4 endoplasms
  2 giant cockroaches
  6 goblins
  A hobgoblin (D:4)
  4 jackals (D:2)
  5 kobolds
  A quokka (D:2)
  5 bats
  A frilled lizard (D:1)
  6 rats
59 creatures vanquished.

Vanquished Creatures (others)
  3 plants (D:1)
3 creatures vanquished.

Grand Total: 62 creatures vanquished

Notes
Turn   | Place    | Note
-------+----------+-------------------------------------------
     0 | D:1      | croobank the Minotaur Berserker began the quest for the
                  | Orb.
     0 | D:1      | Reached XP level 1. HP: 19/19 MP: 0/0
    38 | D:1      | Found a faded altar of an unknown god.
   157 | D:1      | Reached XP level 2. HP: 23/27 MP: 1/1
   164 | D:1      | Reached skill level 4 in Axes
   424 | D:1      | Found Sigysi's Assorted Antiques.
   594 | D:2      | Reached ** piety under Trog
   706 | D:2      | Reached XP level 3. HP: 33/33 MP: 2/2
   796 | D:2      | Found Waangegg's Assorted Antiques.
  1325 | D:3      | Reached XP level 4. HP: 41/41 MP: 3/3
  1327 | D:3      | You fall into a shaft and drop 1 floor!
  1330 | D:4      | Reached skill level 5 in Axes
  1333 | D:4      | Reached skill level 5 in Fighting
  1358 | D:4      | Identified the +6 hand axe of the Sage {venom, Fragile
                  | +Blink Int-4 SInv}
  1360 | D:4      | Lost intelligence.
  1568 | D:4      | Reached skill level 1 in Stealth
  1568 | D:4      | Reached XP level 5. HP: 46/48 MP: 4/4
  1660 | D:4      | Reached skill level 6 in Axes
  1673 | D:4      | You fall into a shaft and drop 3 floors!
  1673 | D:7      | Noticed a centaur
  1673 | D:7      | Noticed Menkaure
  1675 | D:7      | Noticed a sky beast
  1676 | D:7      | HP: 1/48 [centaur/arrow (8)]
  1677 | D:7      | Shot with an arrow by a centaur

Illustrated notes

Levels and vault maps discovered:
D:1:      minmay_arrival_hallway, layout_rooms,
          shapermc_ecumenical_altar_ellora, serial_shops,
          nicolae_shop_behind_doors
D:2:      layout_loops_ring, serial_shops, shop, kennysheep_generic_room_11
D:3:      layout_rooms, serial_shops,
          nicolae_shop_temple_entry_statues_fountains, shop, shop_fountains,
          guppyfry_early_lair_pool
D:4:      layout_loops_cross
D:7:      gammafunk_wand_slinger, layout_layer_cave, kb_lookout_dungeons_type,
          lightli_corner_chamber, uniq_menkaure, uniq_harold

Skill      XL: |  1  2  3  4  5 |
---------------+----------------+-----
Axes           | 4 5 6 |  6.1
Fighting       | 4 5 |  5.1
Stealth        | 1 |  1.4
Dodging        | 3 |  3.0
Armour         | |  2.7

Action                   |  1- 3 |  4- 6 || total
-------------------------+-------+-------++-------
Melee: Hand axe          |    72 |    22 ||    94
       Headbutt          |    15 |     4 ||    19
Throw: Stone             |     7 |       ||     7
Invok: Berserk           |     1 |       ||     1
  Use: Scroll            |     1 |       ||     1
Armor: Animal skin       |    12 |     1 ||    13
       Ring mail         |       |     4 ||     4
Dodge: Dodged            |    48 |    28 ||    76

Table legend: (Time is in decaauts)
 A = Elapsed time spent in this place.
 B = Non-inter-level travel time spent in this place.
 C = Inter-level travel time spent in this place.
 D = Time resting spent in this place.
 E = Time spent auto-exploring this place.
 F = Levels seen in this place.
 G = Mean time per level.
                   A        B        C        D        E       F      G
               +--------+--------+--------+--------+--------+-----+--------+
         Total |   1851 |   1851 |      0 |      0 |    832 |   5 |  370.2 |
       Dungeon |   1851 |   1851 |      0 |      0 |    832 |   5 |  370.2 |
               +--------+--------+--------+--------+--------+-----+--------+

Top non-repeatable levels by time:
     D:2: 759 daAuts
     D:1: 531 daAuts
     D:4: 513 daAuts
     D:3: 41 daAuts
     D:7: 5 daAuts
